 Dungeon Crawl Stone Soup version 0.27-a0-396-g03f4e8edb7 (webtiles) character file.

Game seed: 17965584523348353189

135455 CryoSword the Severer (level 16, -7/151 HPs)
             Began as a Minotaur Monk on Feb 21, 2021.
             Was a High Priest of the Shining One.
             Shot with a bolt by a naga sharpshooter (19 damage)
             ... on level 2 of the Snake Pit.
             The game lasted 01:00:59 (32047 turns).

CryoSword the Severer (Minotaur Monk)              Turns: 32047, Time: 01:00:59

Health: -7/151     AC: 14    Str: 21    XL:     16   Next: 64%
Magic:  22/24      EV: 20    Int:  7    God:    the Shining One [*****.]
Gold:   1487       SH: 16    Dex: 15    Spells: 15/15 levels left

rFire    . . .     SeeInvis .   a - +3 battleaxe
rCold    . . .     Faith    .   (shield currently unavailable)
rNeg     + + .     Spirit   .   D - +1 leather armour {rPois}
rPois    +         Reflect  +   (helmet restricted)
rElec    .         Harm     .   P - +2 cloak {rCorr}
rCorr    +         Rampage  .   c - +0 pair of gloves
Will     +....                  o - +2 pair of boots
Stlth    +.........             j - amulet of reflection
HPRegen  0.35/turn              J - ring of flight
MPRegen  0.19/turn              (no ring)

@: divine shield, berserk cooldown, slowed, glowing, studying Short Blades, very
slow
A: retaliatory headbutt, horns 2
a: Renounce Religion, Evoke Flight, Divine Shield, Cleansing Flame, Summon
Divine Warrior


You were on level 2 of the Snake Pit.
You worshipped the Shining One.
The Shining One was extremely pleased with you.
You visited 6 branches of the dungeon, and saw 27 of its levels.

You collected 2105 gold pieces.
You spent 618 gold pieces at shops.

Inventory:

Hand Weapons
 a - a +3 battleaxe (weapon)
   (You took it off a vault guard on level 14 of the Dungeon)
 b - a +0 arbalest of flaming
   (You bought it in a shop on level 4 of the Dungeon)
 w - a +4 scimitar of flaming
   (You took it off Erica on level 2 of the Lair of Beasts)
Missiles
 l - 5 curare-tipped darts (quivered)
 s - 64 poisoned darts
 t - 19 boomerangs
 N - 189 bolts
Armour
 c - a +0 pair of gloves (worn)
   (You found it on level 4 of the Lair of Beasts)
 o - a +2 pair of boots (worn)
   (You found it on level 6 of the Lair of Beasts)
 u - a +1 troll leather armour
   (You found it on level 7 of the Dungeon)
 D - a +1 leather armour of poison resistance (worn)
   (You took it off an orc on level 11 of the Dungeon)
 M - a +0 crystal plate armour
   (You found it on level 1 of the Lair of Beasts)
 P - a +2 cloak of preservation (worn)
   (You bought it in a shop on level 2 of the Orcish Mines)
Jewellery
 j - an amulet of reflection (around neck)
   (You found it on level 6 of the Dungeon)
 E - a ring of ice
   (You took it off Fannar on level 11 of the Dungeon)
 J - a ring of flight (left hand)
   (You found it on level 6 of the Lair of Beasts)
Wands
 d - a wand of iceblast (17)
   (You took it off Psyche on level 10 of the Dungeon)
 i - a wand of acid (26)
   (You found it on level 4 of the Dungeon)
 z - a wand of digging (11)
   (You found it on level 8 of the Dungeon)
 O - a wand of mindburst (17)
   (You found it on level 15 of the Dungeon)
Scrolls
 e - 4 scrolls of amnesia
 n - 2 scrolls of blinking
 p - 3 scrolls of fear
 r - 12 scrolls of teleportation {@r4}
 x - 3 scrolls of enchant weapon
 y - a scroll of immolation {!r}
 B - 5 scrolls of identify {@r1}
 I - 2 scrolls of magic mapping
 Q - 3 scrolls of fog
Potions
 f - 3 potions of cancellation
 g - 3 potions of might
 h - 5 potions of mutation {!q}
 m - 4 potions of flight
 q - a potion of curing {@q1}
 v - 2 potions of resistance
 A - 5 potions of attraction {!q}
 C - 6 potions of lignification {!q}
 F - 2 potions of ambrosia
 G - a potion of berserk rage
 L - 2 potions of brilliance
 R - a potion of heal wounds {@q2}
Miscellaneous
 H - a phial of floods
   (You found it on level 1 of the Snake Pit)
 K - a lightning rod (4/4) {!a}
   (You found it on level 11 of the Dungeon)


   Skills:
 + Level 16.0 Fighting
 - Level 20.0 Axes
 + Level 4.5 Crossbows
 + Level 13.1 Armour
 + Level 12.6 Dodging
 - Level 1.5 Stealth
 * Level 12.8 Invocations


You had 15 spell levels left.
You didn't know any spells.
Your spell library contained the following spells:

 Spells                   Type           Power        Failure   Level
 Animate Skeleton         Necr           0%           45%         1
 Apportation              Tloc           0%           45%         1
 Beastly Appendage        Tmut           0%           45%         1
 Corona                   Hex            0%           45%         1
 Magic Dart               Conj           0%           45%         1
 Pain                     Necr           0%           45%         1
 Sandblast                Erth           0%           45%         1
 Blink                    Tloc           N/A          61%         2
 Call Imp                 Summ           0%           61%         2
 Ensorcelled Hibernation  Hex/Ice        0%           61%         2
 Passwall                 Tmut/Erth      0%           61%         2
 Searing Ray              Conj           0%           61%         2
 Slow                     Hex            0%           61%         2
 Wereblood                Tmut           0%           61%         2
 Confusing Touch          Hex            0%           83%         3
 Conjure Flame            Conj/Fire      0%           83%         3
 Dazzling Flash           Conj/Hex       0%           83%         3
 Lesser Beckoning         Tloc           0%           83%         3
 Mephitic Cloud           Conj/Pois/Air  0%           83%         3
 Spider Form              Tmut/Pois      0%           83%         3
 Stone Arrow              Conj/Erth      0%           83%         3
 Tukima's Dance           Hex            0%           83%         3
 Vampiric Draining        Necr           0%           83%         3
 Animate Dead             Necr           0%           99%         4
 Cause Fear               Hex            0%           99%         4
 Fulminant Prism          Conj/Hex       0%           99%         4
 Ice Form                 Ice/Tmut       0%           99%         4
 Iskenderun's Mystic Bla  Conj/Tloc      0%           99%         4
 Petrify                  Tmut/Erth      0%           99%         4
 Agony                    Necr           0%           100%        5
 Alistair's Intoxication  Tmut/Pois      0%           100%        5
 Blade Hands              Tmut           0%           100%        5
 Lee's Rapid Deconstruct  Erth           0%           100%        5
 Silence                  Hex/Air        0%           100%        5
 Yara's Violent Unravell  Hex/Tmut       0%           100%        5
 Invisibility             Hex            0%           100%        6
 Discord                  Hex            0%           100%        8


Dungeon Overview and Level Annotations

Branches:
Dungeon (15/15)            Temple (0/1) D:6            Lair (6/6) D:10
  Swamp (1/4) Lair:2        Snake (2/4) Lair:2        Slime (0/5) Lair:5
    Orc (2/2) D:11            Elf (0/3) Orc:2        Vaults (0/5) D:14
 Depths (1/5) D:15

Altars:
Cheibriados
Dithmenos
Hepliaklqana
Kikubaaqudgha
Nemelex Xobeh
Okawaru
Uskayaw
Wu Jian
The Shining One
Beogh

Shops:
D:4 (   D:6 *   D:14 *   Orc:2 [([(

Portals:
Trove: D:12 (give +4 fire dragon scales)

Annotations:
D:4 3 runed translucent doors, sefie's ghost, novice BaHu
D:15 2 runed translucent doors, Biklutre's ghost, journeyman MiFi


Innate Abilities, Weirdness & Mutations

You reflexively headbutt those who attack you in melee.
You have a pair of horns on your head.


Message History

Unknown command.
You climb downwards.
There is a stone staircase leading up, spattered with blood here.
The naga sharpshooter spits poison at you.
The splash of poison misses you.
The naga sharpshooter shoots a bolt.
The bolt misses you.
The naga sharpshooter shoots a bolt.
The bolt completely misses you.
The naga sharpshooter shoots a bolt.
You reflect the bolt off an invisible shield around you!
The bolt hits the naga sharpshooter!!
The naga sharpshooter mumbles some strange words.
The naga sharpshooter magically shoots a bolt.
The bolt hits you.
You hit the naga sharpshooter.
Your headbutt misses the naga sharpshooter.
The naga sharpshooter casts a spell.
The naga sharpshooter magically shoots a bolt.
You reflect the bolt off an invisible shield around you!
The salamander throws a datura-tipped dart.
The datura-tipped dart misses you.
You hit the naga sharpshooter.
Your headbutt misses the naga sharpshooter.
The naga sharpshooter mumbles some strange words.
The naga sharpshooter magically shoots a bolt.
The bolt hits you!
You cut the naga sharpshooter into ribbons!!!
You kill the naga sharpshooter!
The salamander throws a datura-tipped dart.
The datura-tipped dart hits you!
The salamander throws a datura-tipped dart.
The datura-tipped dart barely misses you.
The naga hits you from afar with a +0 halberd!
Items here: ( )) [ †.
You slice the naga warrior!!
The salamander throws a datura-tipped dart.
The datura-tipped dart hits you.
A red film seems to cover your vision as you go berserk!
You feel yourself moving faster!
You feel mighty!
You barely miss the naga warrior. You headbutt the naga warrior.
The naga hits you from afar with a +0 halberd!
You slice the naga warrior!! You headbutt the naga warrior!
You hear a shout!
The naga warrior hits you but does no damage.
The naga warrior barely misses you.
Unknown command.
Unknown command.
Unknown command.
Unknown command.
You slice the naga warrior like a ripe choko!!!
You kill the naga warrior!
The naga ritualist spits poison at you. The splash of poison misses you.
The naga hits you but does no damage.
A naga comes into view. It is wielding a +0 hand axe.
The naga sharpshooter shouts!
The naga shouts!
The naga sharpshooter mumbles some strange words.
The naga sharpshooter magically shoots a bolt.
You reflect the bolt off an invisible shield around you!
The salamander throws a datura-tipped dart.
The datura-tipped dart hits you. The naga ritualist barely misses you.
The naga ritualist closely misses you.
Things that are here:
a +0 halberd; a +0 spear; a naga corpse You slash the naga!
Your headbutt misses the naga.
You hit the naga ritualist but do no damage.
The naga sharpshooter gestures wildly while chanting.
The naga sharpshooter magically shoots a bolt.
The bolt hits you but does no damage.
You slice the naga!! You slash the naga ritualist!
The naga spits poison at you.
The splash of poison hits you but does no damage.
You resist.
The salamander throws a datura-tipped dart.
The datura-tipped dart misses you.
The datura-tipped dart barely misses the naga.
The naga ritualist hits you with a +0 dagger of venom!
The naga ritualist misses you.
You slice the naga!!
You kill the naga!
You slash the naga ritualist! You slice the naga ritualist!!
You kill the naga ritualist!
Things that are here:
a +0 dagger of venom; a +0 robe; a naga corpse You feel a strong urge to attack something.
The naga sharpshooter shoots a bolt.
The bolt barely misses you.
You slice the naga!! Your headbutt misses the naga.
The naga sharpshooter shoots a bolt.
The bolt hits you!
You hit the naga. Your headbutt misses the naga.
You are no longer berserk.
You pass out from exhaustion.
You feel yourself slow down. The naga spits poison at you.
The splash of poison hits you but does no damage.
You resist.
The salamander throws a datura-tipped dart.
The datura-tipped dart hits you.
The naga sharpshooter shoots a bolt.
The bolt hits you! The naga hits you with a +0 hand axe. The naga grabs you.
The naga constricts you.
You can move again.
Unknown command.
You barely miss the naga. The naga closely misses you. The naga constricts you.
You slash the naga!
You kill the naga!
The naga sharpshooter shoots a bolt.
The bolt hits you!
* * * LOW HITPOINT WARNING * * *
A divine shield forms around you!
The naga sharpshooter gestures wildly while chanting.
The naga sharpshooter magically shoots a bolt.
The bolt hits you!!
* * * LOW HITPOINT WARNING * * *
The salamander throws a datura-tipped dart.
You reflect the datura-tipped dart off an invisible shield around you!
The datura-tipped dart hits the salamander!
The naga sharpshooter gestures wildly while chanting.
The naga sharpshooter magically shoots a bolt.
The bolt closely misses you.
The naga sharpshooter casts a spell.
The naga sharpshooter magically shoots a bolt.
You reflect the bolt off an invisible shield around you!
You block the salamander's attack.
The naga sharpshooter gestures wildly while chanting.
You block the salamander's attack.
The naga sharpshooter unwields a +0 arbalest.
The naga sharpshooter wields a +0 battleaxe.
You block the naga sharpshooter's attack. x2
You slash the naga sharpshooter! You headbutt the naga sharpshooter.
You barely miss the salamander.
The salamander hits you but does no damage.
You barely miss the naga sharpshooter.
You headbutt the naga sharpshooter, but do no damage.
You hit the salamander but do no damage.
You block the salamander's attack.
The naga sharpshooter unwields a +0 battleaxe.
The naga sharpshooter wields a +0 arbalest.
The naga sharpshooter casts a spell.
The naga sharpshooter magically shoots a bolt.
The bolt hits you!!
* * * LOW HITPOINT WARNING * * *
You slash the naga sharpshooter!
You headbutt the naga sharpshooter, but do no damage.
You hit the salamander. You block the salamander's attack.
The naga sharpshooter shoots a bolt.
The bolt hits you!
* * * LOW HITPOINT WARNING * * *
You slice the naga sharpshooter!! You slice the salamander!!
The salamander hits you but does no damage.
The naga sharpshooter gestures wildly while chanting.
The naga sharpshooter magically shoots a bolt.
The bolt hits you!!
You die...

#....######....######..##
......................##
...########....##...###
.#.# ####.##...# .#.#
#.##...## ##.. ##)###...#
##... #...##...# ##...#
#........# ##.###
#.)N@..### ##.# ##)#N..#
...# #)##### ...#### #.#
......## #.# ###
....#..#### #.# ###.####
.....<....#
#.######......#
.(!..>..#..#
#.#...........#
.##........
##(............#


You could see a naga sharpshooter and a salamander.

Vanquished Creatures
  Kirke (Lair:6)
  A nagaraja (Snake:2)
  Aizul (Snake:1)
  A bunyip (Swamp:1)
  Azrael (D:12)
  2 dire elephants
  Snorg (D:11)
  An eleionoma (Swamp:1)
  An ettin (Orc:2)
  Fannar (D:11)
  7 vault guards
  3 naga warriors
  6 hydras
  3 boulder beetles
  Harold (Lair:2)
  4 anacondas
  4 centaur warriors
  Erica (Lair:2)
  An ogre mage (D:15)
  A catoblepas (Lair:5)
  11 two-headed ogres
  An alligator (Swamp:1)
  The ghost of EnegeticOcto the Basher, a novice BaWr of Cheibriados (D:10)
  4 tengu warriors
  3 death yaks
  7 naga sharpshooters
  Urug (Lair:3)
  Sonja (Lair:6)
  Nergalle (D:12)
  A goliath frog (Swamp:1)
  2 unseen horrors
  4 naga ritualists
  A swamp dragon (Swamp:1)
  A spriggan druid (Swamp:1)
  A bog body (Swamp:1)
  A wolf spider (D:15)
  2 orc knights (Orc:2)
  A deep elf pyromancer (D:13)
  5 mana vipers
  6 ugly things
  3 orc sorcerers (Orc:2)
  2 manticores
  4 will-o-the-wisps (Swamp:1)
  A salamander (D:15)
  22 black mambas
  An oklob plant (Lair:1)
  Maurice (D:11)
  3 cyclopes
  9 elephants
  4 centaur zombies
  3 naga magi
  A guardian serpent (Snake:2)
  12 cane toads
  4 torpor snails
  2 gargoyles
  Psyche (D:10)
  7 centaur skeletons
  6 rime drakes
  10 komodo dragons
  A redback zombie (D:13)
  2 tengu conjurers
  2 trolls
  10 polar bears (Lair:6)
  6 dream sheep (Lair:6)
  3 raiju (Lair:6)
  3 slime creatures (D:14)
  17 blink frogs
  A spriggan (D:11)
  2 vampires
  5 wyverns
  2 water elementals (D:15)
  A shadow (D:14)
  3 wraiths
  Sigmund (D:3)
  2 fire elementals (D:12)
  63 yaks
  2 steam dragons
  2 basilisks
  4 hogs (Lair:6)
  4 vampire mosquitoes
  14 nagas
  5 wargs
  A soldier ant (D:10)
  3 acid dragons
  16 hell hounds
  18 water moccasins
  A swamp drake (Swamp:1)
  28 orc warriors
  2 hornet zombies
  16 black bears
  4 ice beasts
  9 ogres
  2 necrophages
  18 wolves
  18 centaurs
  2 phantoms
  2 kobold brigands
  28 bullfrogs
  A wyvern skeleton (D:13)
  8 scorpions
  5 killer bees (D:8)
  13 wights
  3 howler monkeys
  5 electric eels
  A bullfrog zombie (D:12)
  19 orc priests
  5 hounds
  A bullfrog skeleton (D:13)
  4 jellies
  6 iguanas
  32 orc wizards
  Terence (D:2)
  13 worker ants
  A killer bee zombie (D:8)
  A hound zombie (D:5)
  3 hound skeletons
  2 howler monkey skeletons
  Robin (D:3)
  4 gnolls (D:7)
  11 adders
  2 white imps
  5 oozes
  An ufetubus (D:10)
  An adder skeleton (D:5)
  An adder zombie (D:5)
  2 worms
  2 dart slugs (D:1)
  8 leopard geckos
  116 orcs
  9 bats
  5 giant cockroaches
  15 goblins
  12 hobgoblins
  16 jackals
  7 quokkas
  4 frilled lizards
  24 kobolds
  A leopard gecko skeleton (D:4)
  6 rats
  A bush (Lair:1)
894 creatures vanquished.

Vanquished Creatures (collateral kills)
  Louise (D:15)
  An orc warlord (Orc:2)
  A centaur warrior (D:15)
  A shock serpent (Snake:1)
  3 orc warriors (Orc:2)
  2 orc priests (Orc:2)
  2 orcs (Orc:2)
11 creatures vanquished.

Vanquished Creatures (others)
  2 black mambas (Snake:2)
  3 humans (Lair:6)
  An orc wizard (D:4)
  2 orcs
  16 foxfires (Swamp:1)
  57 fungi
  95 plants
176 creatures vanquished.

Grand Total: 1081 creatures vanquished

Notes
Turn   | Place    | Note
-------+----------+-------------------------------------------
     0 | D:1      | CryoSword the Minotaur Monk began the quest for the Orb.
     0 | D:1      | Reached XP level 1. HP: 19/19 MP: 0/0
   119 | D:1      | Reached skill level 4 in Axes
   291 | D:1      | Reached XP level 2. HP: 27/27 MP: 1/1
   761 | D:1      | Reached XP level 3. HP: 33/33 MP: 2/2
  1230 | D:1      | Reached skill level 5 in Axes
  1897 | D:2      | Reached XP level 4. HP: 38/41 MP: 3/3
  2279 | D:2      | Noticed Terence
  2287 | D:2      | Killed Terence
  2547 | D:3      | Noticed Robin
  2585 | D:3      | Killed Robin
  2586 | D:3      | Reached skill level 6 in Axes
  2808 | D:3      | Reached XP level 5. HP: 47/47 MP: 4/4
  2888 | D:3      | Reached skill level 5 in Fighting
  3014 | D:3      | Noticed Sigmund
  3026 | D:3      | Killed Sigmund
  3027 | D:3      | Reached skill level 7 in Axes
  3027 | D:3      | Reached XP level 6. HP: 56/56 MP: 5/5
  3834 | D:4      | Found a runed translucent gate.
  3834 | D:4      | Found a runed translucent gate.
  3834 | D:4      | Found a runed translucent gate.
  3835 | D:4      | Noticed sefie's ghost (novice BaHu)
  3852 | D:4      | Found a sparkling altar of Nemelex Xobeh.
  4102 | D:4      | Found a transporter.
  4123 | D:4      | Reached skill level 8 in Axes
  4127 | D:4      | Reached XP level 7. HP: 57/63 MP: 6/6
  4596 | D:4      | Found a transporter.
  4606 | D:4      | Found Muvul's Antique Weapon Boutique.
  4718 | D:4      | Found a roughly hewn altar of Beogh.
  4739 | D:4      | Reached skill level 9 in Axes
  4938 | D:3      | Found an ornate altar of the Wu Jian Council.
  4959 | D:5      | Entered Level 5 of the Dungeon
  5382 | D:5      | Reached XP level 8. HP: 66/73 MP: 7/7
  5416 | D:5      | Reached skill level 10 in Axes
  5939 | D:5      | Found a snail-covered altar of Cheibriados.
  5939 | D:5      | Found an ancient bone altar of Kikubaaqudgha.
  6078 | D:5      | You fall into a shaft and drop 3 floors!
  6184 | D:8      | Reached skill level 11 in Axes
  6401 | D:8      | Found a hide-covered altar of Uskayaw.
  6551 | D:7      | Noticed a troll
  6562 | D:7      | Killed a troll
  6849 | D:7      | Reached XP level 9. HP: 72/83 MP: 8/8
  7088 | D:7      | Reached skill level 12 in Axes
  7106 | D:7      | Found an ornate altar of the Wu Jian Council.
  7106 | D:7      | Found a glowing golden altar of the Shining One.
  7116 | D:7      | Found a hazy altar of Hepliaklqana.
  7116 | D:7      | Found an iron altar of Okawaru.
  7122 | D:7      | Became a worshipper of the Shining One
  7122 | D:7      | Reached * piety under the Shining One
  7122 | D:7      | Reached ** piety under the Shining One
  7256 | D:6      | Found a hide-covered altar of Uskayaw.
  7263 | D:6      | Found Mex Yvao's Assorted Antiques.
  7274 | D:6      | Bought a scroll of identify for 44 gold pieces
  7274 | D:6      | Bought a scroll labelled PEGEFO LURGHEE for 22 gold pieces
  7274 | D:6      | Bought a scroll of identify for 44 gold pieces
  7274 | D:6      | Bought a potion of curing for 66 gold pieces
  7582 | D:6      | Found a staircase to the Ecumenical Temple.
  7981 | D:5      | Reached skill level 13 in Axes
  8371 | D:7      | Reached skill level 10 in Fighting
  9360 | D:8      | Noticed a two-headed ogre
  9381 | D:8      | Killed a two-headed ogre
  9382 | D:8      | Reached skill level 1 in Armour
  9382 | D:8      | Reached skill level 1 in Invocations
  9382 | D:8      | Reached XP level 10. HP: 50/94 MP: 7/10
  9655 | D:9      | Reached skill level 14 in Axes
  9971 | D:9      | Noticed a two-headed ogre
  9979 | D:9      | Killed a two-headed ogre
  9980 | D:9      | Reached skill level 5 in Dodging
 10282 | D:10     | Entered Level 10 of the Dungeon
 10455 | D:10     | Reached *** piety under the Shining One
 10505 | D:10     | Reached XP level 11. HP: 95/102 MP: 12/12
 10620 | D:10     | Found a staircase to the Lair.
 10647 | D:10     | Reached skill level 15 in Axes
 10709 | D:10     | Found a transporter.
 10710 | D:10     | Noticed EnegeticOcto's ghost (novice BaWr)
 10712 | D:10     | Noticed a two-headed ogre
 10714 | D:10     | Identified the +4 great mace of Doom {venom, Int+6 Dex+2}
 10714 | D:10     | Noticed a two-headed ogre
 10715 | D:10     | Noticed a two-headed ogre
 11004 | D:11     | Noticed Fannar
 11069 | D:11     | Noticed Maurice
 11103 | D:11     | Reached skill level 5 in Armour
 11274 | D:11     | Noticed Psyche
 11467 | D:10     | Paralysed by Psyche for 5 turns
 11473 | D:10     | Killed Psyche
 11487 | D:10     | Reached **** piety under the Shining One
 11544 | D:11     | Noticed Snorg
 11546 | D:11     | Found a staircase to the Orcish Mines.
 11666 | D:11     | Killed Maurice
 11718 | D:11     | Killed Snorg
 11719 | D:11     | Reached skill level 5 in Invocations
 11949 | D:11     | Killed Fannar
 12115 | D:12     | Noticed Azrael
 12143 | D:12     | Killed Azrael
 12277 | D:12     | Reached skill level 16 in Axes
 12277 | D:12     | Reached XP level 12. HP: 82/112 MP: 15/15
 12311 | D:12     | Noticed Nergalle
 12344 | D:12     | Killed Nergalle
 12606 | D:12     | Found a portal to a secret trove of treasure.
 13012 | D:13     | Noticed a boulder beetle
 13046 | D:13     | Killed a boulder beetle
 13408 | D:13     | Noticed a centaur warrior
 13413 | D:13     | Killed a centaur warrior
 13510 | D:13     | Noticed a centaur warrior
 13569 | D:13     | Killed a centaur warrior
 13648 | D:13     | Reached ***** piety under the Shining One
 13666 | D:13     | Reached skill level 17 in Axes
 13942 | D:14     | Noticed a centaur warrior
 13948 | D:14     | Killed a centaur warrior
 14031 | D:14     | Noticed a boulder beetle
 14079 | D:14     | Killed a boulder beetle
 14080 | D:14     | Reached XP level 13. HP: 59/122 MP: 11/17
 14734 | D:14     | Found Urits's Demolitions Depot.
 14745 | D:14     | Found a shadowy altar of Dithmenos.
 14779 | D:14     | Found a gate to the Vaults.
 15202 | Lair:1   | Entered Level 1 of the Lair of Beasts
 16740 | Lair:2   | Found a staircase to the Snake Pit.
 16776 | Lair:2   | Noticed Harold
 16798 | Lair:2   | Killed Harold
 16922 | Lair:2   | Reached skill level 18 in Axes
 17173 | Lair:2   | Found a staircase to the Swamp.
 17294 | Lair:2   | Noticed Erica
 17302 | Lair:2   | Killed Erica
 17740 | Lair:3   | Noticed Urug
 17759 | Lair:3   | Killed Urug
 18029 | Lair:3   | Reached XP level 14. HP: 130/130 MP: 19/19
 18094 | Lair:3   | Reached skill level 10 in Armour
 18654 | Lair:4   | Reached skill level 10 in Dodging
 19657 | Lair:5   | Found a staircase to the Slime Pits.
 20295 | D:4      | Bought a runed arbalest for 157 gold pieces
 20541 | D:10     | Found a transporter.
 20552 | D:10     | Reached skill level 19 in Axes
 20571 | D:10     | Killed EnegeticOcto's ghost
 21657 | Lair:6   | Entered Level 6 of the Lair of Beasts
 21771 | Lair:6   | Reached ****** piety under the Shining One
 21800 | Lair:6   | Noticed Kirke
 21825 | Lair:6   | Killed Kirke
 21994 | Lair:6   | Reached XP level 15. HP: 42/139 MP: 21/21
 22288 | Lair:6   | Noticed Sonja
 22307 | Lair:6   | Killed Sonja
 22513 | Lair:6   | Reached skill level 10 in Invocations
 23119 | D:15     | Entered Level 15 of the Dungeon
 23308 | D:15     | Noticed Louise
 23328 | D:15     | Killed Louise
 23422 | D:15     | Reached skill level 15 in Fighting
 23440 | D:15     | Reached skill level 20 in Axes
 23752 | D:15     | Found a staircase to the Depths.
 23860 | D:15     | Found a runed translucent door.
 23874 | D:15     | Found a runed translucent door.
 23883 | D:15     | Noticed a storm dragon
 23885 | D:15     | Noticed Biklutre's ghost (journeyman MiFi)
 23885 | D:15     | Noticed a lich
 24168 | D:15     | Identified the amulet "Geon" {rN++ Regen+ Int+4}
 24494 | Orc:1    | Entered Level 1 of the Orcish Mines
 24574 | Orc:2    | Entered Level 2 of the Orcish Mines
 24796 | Orc:2    | Found a roughly hewn altar of Beogh.
 24805 | Orc:2    | Paralysed by an orc sorcerer for 4 turns
 24813 | Orc:2    | Found Mack's Weapon Shop.
 24922 | Orc:2    | Found a staircase to the Elven Halls.
 24926 | Orc:2    | Paralysed by an orc sorcerer for 6 turns
 25329 | Orc:2    | Found a roughly hewn altar of Beogh.
 25329 | Orc:2    | Found Jussodem's Antique Armour Emporium.
 25353 | Orc:2    | Bought an embroidered cloak for 285 gold pieces
 25454 | Orc:2    | Noticed an orc warlord
 25479 | Orc:2    | Killed an orc warlord
 25602 | Orc:2    | Found Zusoxomu's Antique Weapon Shoppe.
 25603 | Orc:2    | Found a roughly hewn altar of Beogh.
 25604 | Orc:2    | Found Moengak's Antique Armour Emporium.
 25856 | Depths:1 | Entered Level 1 of the Depths
 25856 | Depths:1 | Noticed a frost giant
 26094 | Swamp:1  | Entered Level 1 of the Swamp
 26180 | Swamp:1  | Reached skill level 1 in Crossbows
 26187 | Swamp:1  | HP: 3/141 [six-headed hydra (8)]
 26562 | Swamp:1  | Reached XP level 16. HP: 76/149 MP: 20/23
 27217 | Snake:1  | Entered Level 1 of the Snake Pit
 28639 | Snake:1  | HP: 7/150 [naga sharpshooter/+0 longbow (4)]
 28645 | Snake:1  | HP: 7/150 [poisoned by a naga sharpshooter (splash of
                  | poison)]
 28653 | Snake:1  | HP: 7/150 [poisoned by a naga sharpshooter (splash of
                  | poison)]
 29859 | Snake:1  | Noticed Aizul
 29886 | Snake:1  | Killed Aizul
 29892 | Snake:1  | HP: 6/150 [poisoned by Aizul (poison arrow)]
 32047 | Snake:2  | Shot with a bolt by a naga sharpshooter

Illustrated notes

Levels and vault maps discovered:
D:1:      dpeg_arrival_rooms_with_view, layout_loops_corners
D:2:      layout_basic, uniq_terence
D:3:      lemuel_upstairs_altar, layout_loops_ring, uniq_sigmund, uniq_robin
D:4:      gammafunk_steamed_eel, layout_cave_pools,
          nemelex_xobeh_ov_fountains_minmay, ebering_ghost_rock_garden,
          serial_shops, shop, kennysheep_orc_chapel
D:5:      minmay_opposing_rooms, layout_basic, gammafunk_temple_overflow_wave,
          grunt_ministairs_13
D:6:      layout_basic, minmay_temple_entry_fiery, serial_shops, shop,
          basic_altar
D:7:      layout_basic, grunt_temple_overflow_cloverleaf
D:8:      layout_basic, lemuel_crystal_altar
D:9:      layout_loops_cross
D:10:     layout_small_grid, due_lair_maze_entry_diamond, gammafunk_ghost_smash
D:11:     layout_big_octagon, orc_0_dummy, the_bakery, uniq_psyche, uniq_snorg,
          uniq_maurice, uniq_fannar
D:12:     layout_gridville, nicolae_trove_entry_columns, uniq_azrael,
          uniq_nergalle
D:13:     nooodl_glass_maze, layout_basic, st_stairs_9
D:14:     layout_loops_ring, erik_vaults_2, roderic_lattice_octagonal_star,
          basic_altar, nicolae_blasting_shop
D:15:     hangedman_depths_entry_try_elsewhere_first, layout_loops_ring,
          muffindrake_ghost_dual_entry, minivault_14, uniq_louise
Lair:1:   layout_layer_cave, minmay_lair_oklob_items,
          chequers_serial_rivers_micro_b, grunt_megastairs_5
Lair:2:   layout_long_grid, minmay_swamp_entry_swarm,
          guppyfry_snake_entry_island, minivault_27, uniq_erica, uniq_harold
Lair:3:   layout_regular_city, uniq_urug
Lair:4:   layout_cave_pods
Lair:5:   layout_roguey, nicolae_slime_entry_slimehenge,
          eino_small_chamber_without_monster
Lair:6:   hangedman_lair_caniforms_friends, layout_gridlike, ldierk_geyser,
          serial_bayou_shore_a, uniq_sonja, uniq_kirke
Swamp:1:  layout_basic_swamp, nicolae_swamp_round_clearing,
          infiniplex_staircase_pool
Snake:1:  layout_layer_cave, grunt_megastairs_3, uniq_aizul
Snake:2:  layout_misc_corridors
Orc:1:    layout_diamond_mine, nicolae_orc_bridge_out
Orc:2:    grunt_orc_community_town_hall, layout_diamond_mine,
          grunt_orc_community_big_house_1, grunt_orc_community_big_house_1,
          grunt_orc_community_house_1, grunt_orc_community_house_1,
          grunt_orc_community_house_3, grunt_orc_community_house_1
Depths:1: layout_cave_pools, biasface_ghost_demon_polymorph, abyss_entry,
          grunt_metal_band, basic_altar, minmay_shattered_shrine

Skill      XL: |  1  2  3  4  5  6  7  8  9 10 11 12 13 14 15 16 |
---------------+-------------------------------------------------+-----
Axes           | 4 5 6 7 8 9 11 13 14 16 17 18 19 20 | 20.0
Fighting       | 4 5 6 7 9 10 11 12 13 14 15 16 | 16.0
Armour         | 1 4 6 8 9 11 12 13 | 13.1
Invocations    | 1 3 5 7 8 9 11 12 | 12.8
Dodging        | 5 7 8 9 11 12 | 12.6
Crossbows      | 1 4 |  4.5
Stealth        | |  1.5

Action                   |  1- 3 |  4- 6 |  7- 9 | 10-12 | 13-15 | 16-18 || total
-------------------------+-------+-------+-------+-------+-------+-------++-------
Melee: Dagger            |   109 |   149 |   191 |       |       |       ||   449
       Headbutt          |    16 |    30 |    68 |   123 |   293 |    53 ||   583
       Hand axe          |     2 |       |       |       |       |       ||     2
       War axe           |       |       |     8 |       |       |       ||     8
       Broad axe         |       |       |   128 |       |       |       ||   128
       Battleaxe         |       |       |       |   527 |  1142 |   253 ||  1922
       Unarmed           |       |       |       |     4 |       |       ||     4
       Scimitar          |       |       |       |       |    30 |       ||    30
 Fire: Arbalest          |       |       |       |       |       |    14 ||    14
Throw: Dart              |       |       |    18 |     4 |       |       ||    22
Invok: Divine Shield     |       |       |     1 |     6 |    14 |     4 ||    25
       Cleansing Flame   |       |       |       |     1 |       |       ||     1
       Summon Divine War |       |       |       |       |     3 |     1 ||     4
 Abil: Evoke Flight      |       |       |       |       |     3 |     1 ||     4
Evoke: Wand              |       |       |     1 |       |       |       ||     1
  Use: Scroll            |     4 |       |     5 |    15 |     8 |     2 ||    34
       Potion            |       |     3 |       |     4 |     4 |     4 ||    15
 Stab: Sleeping          |     2 |       |       |       |       |       ||     2
Armor: Robe              |    11 |       |       |       |       |       ||    11
       Ring mail         |    30 |    56 |    55 |       |       |       ||   141
       Troll leather arm |       |       |    18 |   111 |   229 |       ||   358
       Leather armour    |       |       |       |       |     4 |    43 ||    47
Dodge: Dodged            |    87 |   104 |   211 |   294 |   735 |   178 ||  1609
Block: Other             |       |       |    21 |   127 |   300 |    77 ||   525
       Reflection        |       |       |     4 |    11 |    12 |    10 ||    37
       Rpst.: Scimitar   |       |       |       |       |     4 |       ||     4

Table legend: (Time is in decaauts)
 A = Elapsed time spent in this place.
 B = Non-inter-level travel time spent in this place.
 C = Inter-level travel time spent in this place.
 D = Time resting spent in this place.
 E = Time spent auto-exploring this place.
 F = Levels seen in this place.
 G = Mean time per level.
                   A        B        C        D        E       F      G
               +--------+--------+--------+--------+--------+-----+--------+
         Total |  31779 |  28388 |   3391 |   6855 |  15591 |  27 | 1177.0 |
       Dungeon |  18147 |  15698 |   2449 |   2897 |   9241 |  15 | 1209.8 |
          Lair |   6878 |   6178 |    700 |    618 |   4235 |   6 | 1146.3 |
         Swamp |    920 |    913 |      7 |    709 |     43 |   1 |  920.0 |
     Snake Pit |   4607 |   4533 |     74 |   2630 |   1297 |   2 | 2303.5 |
  Orcish Mines |   1215 |   1056 |    159 |      0 |    774 |   2 |  607.5 |
        Depths |     10 |     10 |      0 |      0 |      0 |   1 |   10.0 |
               +--------+--------+--------+--------+--------+-----+--------+

Top non-repeatable levels by time:
 Snake:1: 4208 daAuts
  Lair:1: 1809 daAuts
     D:1: 1600 daAuts
     D:5: 1539 daAuts
     D:7: 1407 daAuts
     D:4: 1402 daAuts
    D:14: 1292 daAuts
     D:3: 1244 daAuts
    D:15: 1243 daAuts
     D:8: 1239 daAuts
    D:10: 1238 daAuts
  Lair:6: 1209 daAuts
    D:13: 1113 daAuts
   Orc:2: 1039 daAuts
  Lair:2: 1037 daAuts
